[Event "15th Deltalift Open 2018"]
[Site "Halmstad"]
[Date "2018.05.10"]
[Round "2"]
[White "Linusson, Lasse"]
[Black "Cramling Bellon, Anna"]
[Result "1/2-1/2"]
[ECO "B20"]
[WhiteElo "1962"]
[BlackElo "2153"]
[Annotator "NA"]
[PlyCount "89"]
[EventDate "2018.??.??"]
[EventType "swiss"]
[EventCountry "SWE"]
[SourceTitle "playchess.com"]
[Source "ChessBase"]
[SourceQuality "1"]
[TimeControl "1800+12"]

1. e4 c5 2. a3 Nc6 3. b4 cxb4 4. axb4 Nxb4 5. d4 d5 6. c3 Nc6 7. exd5 Qxd5 8. Na3 Bf5 9. Nc4 Rd8 10. Ne3 Qd7 11. Nf3 a6 12. Ba3 e6 13. Bxf8 Kxf8 14. Be2 Nf6 15. O-O Nd5 16. Qc1 Nf4 17. Qa3+ Qe7 18. Qb2 Be4 19. Rfe1 Bd3 20. Bf1 Bxf1 21. Rxf1 f6 22. Rfb1 Rd7 23. g3 Ng6 24. Re1 Qd8 25. h4 h5 26. c4 Kf7 27. d5 exd5 28. cxd5 Nce5 29. Nxe5+ Nxe5 30. Red1 g6 31. Ra4 Re8 32. Kg2 Kg7 33. Rf4 Qe7 34. Qb6 Rd6 35. Qb4 Rc8 36. Re4 Qd7 37. Qb2 b5 38. Qe2 a5 39. f4 Nf7 40. f5 Re8 41. Rxe8 Qxe8 42. fxg6 Qe4+ 43. Kh2 Kxg6 44. Rf1 Ne5 45. Rf4 1/2-1/2

[Event "15th Deltalift Open 2018"]
[Site "Halmstad"]
[Date "2018.05.10"]
[Round "3"]
[White "Sjodahl, Pontus"]
[Black "Sorensen, Hampus"]
[Result "1-0"]
[ECO "D31"]
[WhiteElo "2404"]
[BlackElo "2176"]
[Annotator "ChessBase"]
[PlyCount "87"]
[EventDate "2018.??.??"]
[EventType "swiss"]
[EventCountry "SWE"]
[SourceTitle "playchess.com"]
[Source "ChessBase"]
[SourceQuality "1"]
[TimeControl "1800+12"]

1. d4 d5 2. c4 e6 3. Nc3 Bb4 4. a3 Bxc3+ 5. bxc3 Nf6 6. e3 O-O 7. cxd5 exd5 8. Bd3 c5 9. Ne2 b6 10. O-O Ba6 11. Bxa6 Nxa6 12. Qd3 Nc7 13. dxc5 bxc5 14. c4 dxc4 15. Qxc4 Ne6 16. e4 Nd7 17. Be3 Nb6 18. Qb5 Qe7 19. Rfc1 Rfd8 20. a4 Nd4 21. Bxd4 cxd4 22. a5 Nd7 23. Nxd4 Qxe4 24. Nc6 Re8 25. h3 h6 26. Rc4 Qd3 27. Rac1 a6 28. Qb7 Nf8 29. Rd4 Qa3 30. Rcd1 Ne6 31. R4d3 Qc5 32. Rd5 Qa3 33. Rf5 f6 34. Rfd5 Kh8 35. Rd6 Nf4 36. Kh2 Qc5 37. Qb6 Qg5 38. g3 Ng6 39. R6d5 f5 40. Qc5 Qh5 41. R1d2 Rf8 42. Qd4 Qf3 43. Rd6 Kh7 44. Rxg6 1-0

[Event "15th Deltalift Open 2018"]
[Site "Halmstad"]
[Date "2018.05.10"]
[Round "3"]
[White "Akesson, Ralf"]
[Black "Fransson, Patrick"]
[Result "1-0"]
[ECO "A04"]
[WhiteElo "2392"]
[BlackElo "2129"]
[Annotator "NA"]
[PlyCount "75"]
[EventDate "2018.??.??"]
[EventType "swiss"]
[EventCountry "SWE"]
[SourceTitle "playchess.com"]
[Source "ChessBase"]
[SourceQuality "1"]
[TimeControl "1800+12"]

1. Nf3 e6 2. c4 b6 3. e4 Bb7 4. Nc3 c5 5. d4 cxd4 6. Nxd4 Nc6 7. Be3 {[%emt 0:00:49] LiveBook: 5 Games} Nf6 8. f3 Be7 {[%emt 0:02:00] A31: Symmetrical English: 2 Nf3 Nf6 3 d4} (8... Bc5 9. Qd2 O-O 10. Nxc6 Bxc6 11. e5 Ne8 12. Bd3 Qh4+ 13. Qf2 Qxf2+ 14. Kxf2 f6 15. Bxc5 bxc5 16. Rhe1 {½-½ (27) Ponkratov,P (2589)-Kamsky,G (2637) St Petersburg 2016}) 9. Be2 O-O 10. O-O d5 11. Nxc6 Bxc6 12. cxd5 exd5 13. e5 Ne8 $146 14. f4 Bc5 15. Bd4 Nc7 16. Kh1 Bxd4 17. Qxd4 Ne6 18. Qg1 d4 19. Nd1 f6 20. Bg4 f5 21. Bf3 Be4 22. g3 Rc8 23. Qg2 Nc5 24. b4 Bxf3 25. Qxf3 Ne4 26. Qd3 Qd5 27. Kg1 Rc4 $2 {[%emt 0:00:19] [#]} (27... Rfd8 $17 {keeps the pressure on.} 28. Re1 Kh8) 28. Ne3 $1 Rc3 29. Qxc3 dxe3 30. Qxe3 Rd8 31. Qb3 Qxb3 32. axb3 Rd2 33. Rxa7 Nc3 34. Kh1 Nd1 35. e6 Kf8 36. Rd7 Nf2+ $18 37. Kg2 Nd3+ 38. Kf3 1-0

[Event "15th Deltalift Open 2018"]
[Site "Halmstad"]
[Date "2018.05.10"]
[Round "3"]
[White "Arman, Deniz"]
[Black "Berggren Torell, Harald"]
[Result "0-1"]
[ECO "B09"]
[WhiteElo "2367"]
[BlackElo "2114"]
[Annotator "ChessBase"]
[PlyCount "62"]
[EventDate "2018.??.??"]
[EventType "swiss"]
[EventCountry "SWE"]
[SourceTitle "playchess.com"]
[Source "ChessBase"]
[SourceQuality "1"]
[TimeControl "1800+12"]

1. e4 d6 2. d4 Nf6 3. Nc3 g6 4. f4 Bg7 5. Nf3 O-O 6. e5 Nfd7 7. Ne4 c5 8. e6 fxe6 9. Neg5 Nf6 10. Bd3 Nc6 11. dxc5 dxc5 12. Qe2 Qd6 13. c3 Nd5 14. g3 Nxc3 15. bxc3 Bxc3+ 16. Kf2 Bxa1 17. Kg2 e5 18. Bc4+ Kg7 19. h4 Bg4 20. h5 Nd4 21. Qxe5+ Qf6 22. h6+ Kh8 23. Qxf6+ exf6 24. Nxd4 Bxd4 25. Nf7+ Rxf7 26. Bxf7 Bd7 27. Re1 Bc6+ 28. Kh3 f5 29. Re7 Rf8 30. Bd2 Bf6 31. Bc3 Bxc3 0-1

[Event "15th Deltalift Open 2018"]
[Site "Halmstad"]
[Date "2018.05.10"]
[Round "3"]
[White "Malmstig, Erik"]
[Black "Troberg Eskola, Love"]
[Result "1-0"]
[ECO "A81"]
[WhiteElo "2339"]
[BlackElo "1993"]
[Annotator "NA"]
[PlyCount "35"]
[EventDate "2018.??.??"]
[EventType "swiss"]
[EventCountry "SWE"]
[SourceTitle "playchess.com"]
[Source "ChessBase"]
[SourceQuality "1"]
[TimeControl "1800+12"]

1. d4 f5 2. g3 Nf6 3. Bg2 g6 4. c4 Bg7 5. Nc3 {[%emt 0:00:08] LiveBook: 1490 Games} O-O 6. Nh3 e6 7. O-O d6 8. Qb3 {[%emt 0:01:04] A86: Dutch Defence: Leningrad System: Unusual lines and 5 Nh3} (8. b3 c6 9. Ba3 Qa5 10. Qc1 Rd8 11. Rd1 Qc7 12. d5 Qe7 13. dxe6 Bxe6 14. Qf4 Nh5 15. Qe3 Na6 {½-½ (31) Delchev,A (2604)-Vallejo Pons,F (2686) Linares 2015}) 8... c6 9. Nf4 Qe7 10. d5 e5 $146 ({Predecessor:} 10... Kh8 11. dxe6 Na6 12. Qc2 Bxe6 13. Nxe6 Qxe6 {0-1 (47) Kacprzak,R (1906)-Lach,P (2148) Polanica Zdroj 2009}) 11. dxc6 Nxc6 (11... bxc6 $5 12. Nfd5 Nxd5 13. Nxd5 (13. cxd5 c5 $15) 13... Qf7 $11) 12. Nfd5 Qf7 13. Nb5 Ne8 14. Qa3 Nd4 15. Nxd4 exd4 16. Nb6 Rb8 $2 (16... axb6 17. Qxa8 Nf6) 17. Nxc8 Rxc8 $18 (17... Qd7 $142 18. Nxa7 Ra8) 18. Bd5 1-0

[Event "15th Deltalift Open 2018"]
[Site "Halmstad"]
[Date "2018.05.10"]
[Round "3"]
[White "Rydstrom, Tom"]
[Black "Rasti, Arvin"]
[Result "1-0"]
[ECO "B95"]
[WhiteElo "2324"]
[BlackElo "1956"]
[Annotator "NA"]
[PlyCount "71"]
[EventDate "2018.??.??"]
[EventType "swiss"]
[EventCountry "SWE"]
[SourceTitle "playchess.com"]
[Source "ChessBase"]
[SourceQuality "1"]
[TimeControl "1800+12"]

1. e4 c5 2. Nf3 d6 3. d4 cxd4 4. Nxd4 Nf6 5. Nc3 a6 6. Bg5 e6 7. Be2 Be7 {[%emt 0:00:07] LiveBook: 77 Games} 8. Qd3 Qc7 9. f4 {[%emt 0:00:50] B95: Sicilian Najdorf: 6 Bg5 e6, unusual White 7th moves} h6 (9... Nbd7 10. O-O-O b5 11. Bf3 Bb7 12. Bxf6 Bxf6 13. e5 Nc5 14. Qe3 dxe5 15. Ndxb5 axb5 16. Nxb5 Qb6 17. Nd6+ Ke7 18. fxe5 Rxa2 19. exf6+ gxf6 20. Nf5+ Ke8 21. b3 Bxf3 {½-½ (21) Moskvichev,V (2445)-Meiners,E (2345) ICCF email 2015}) 10. Bxf6 Bxf6 11. O-O-O Nd7 12. Kb1 Nc5 13. Qe3 Bd7 14. Bf3 $146 ({Predecessor:} 14. Bh5 g6 15. Bf3 Rc8 16. Rd2 b5 17. h4 b4 18. Nce2 {0-1 (40) Zhamzin,O-Nakamura,H (2281) Oropesa del Mar 2000}) 14... Rc8 15. Rhe1 (15. h4 $11) 15... b5 16. e5 dxe5 17. fxe5 Bg5 18. Qf2 b4 19. Ne4 Nxe4 20. Bxe4 O-O 21. h4 Be7 22. g4 Bc5 23. Qe2 Rfd8 24. g5 Bxd4 25. Rxd4 Bb5 26. Rxd8+ Rxd8 27. Qf3 ({White should try} 27. Qg4 $14 g6 28. h5 Qxe5 29. hxg6 Qxg5 30. gxf7+ Kxf7 31. Qf3+ Ke7 32. Bf5) 27... hxg5 28. hxg5 Qc4 {[%emt 0:01:39] [#]} 29. g6 $1 Rd7 $2 (29... fxg6 30. Bxg6 Be8) 30. Qh1 Qd4 31. b3 Qf2 32. Rc1 $18 Qd4 33. Qh7+ Kf8 34. Qh8+ Ke7 35. Qxg7 Qxe5 36. Qxe5 1-0

[Event "15th Deltalift Open 2018"]
[Site "Halmstad"]
[Date "2018.05.10"]
[Round "3"]
[White "Crevatin, Leo"]
[Black "Harren, Mats"]
[Result "1-0"]
[ECO "A61"]
[WhiteElo "2251"]
[BlackElo "2098"]
[Annotator "ChessBase"]
[PlyCount "107"]
[EventDate "2018.??.??"]
[EventType "swiss"]
[EventCountry "SWE"]
[SourceTitle "playchess.com"]
[Source "ChessBase"]
[SourceQuality "1"]
[TimeControl "1800+12"]

1. d4 Nf6 2. c4 c5 3. d5 e6 4. Nc3 exd5 5. cxd5 d6 6. Nf3 g6 7. Bf4 a6 8. a4 Bg7 9. e3 O-O 10. Be2 Ne8 11. O-O b6 12. Nd2 Nd7 13. Nc4 Qe7 14. Qd2 Rb8 15. Rfe1 f5 16. Bf1 Ne5 17. e4 Nxc4 18. Bxc4 Qd7 19. e5 dxe5 20. Bxe5 Nd6 21. Bxg7 Nxc4 22. Qf4 Kxg7 23. Qxb8 Bb7 24. Qf4 Nxb2 25. Re2 Nd3 26. Qe3 Nb4 27. Qe5+ Kg8 28. Rd1 Rd8 29. Qe6+ Qxe6 30. Rxe6 b5 31. Rb6 Bxd5 32. axb5 axb5 33. Rxb5 Re8 34. Rxc5 Bf7 35. h4 Re7 36. Nb5 Kg7 37. Nd6 Bg8 38. Kh2 Na6 39. Rc6 Nc7 40. Rb1 Nd5 41. Rb7 Rxb7 42. Nxb7 Kf7 43. Ra6 Nf6 44. Nc5 Ng4+ 45. Kg3 Ke7 46. f3 Nf6 47. Kf4 h6 48. Ke5 Nh5 49. Rxg6 Bc4 50. Rxh6 Ng3 51. Rh7+ Ke8 52. h5 Bf1 53. h6 f4 54. Ra7 1-0

[Event "15th Deltalift Open 2018"]
[Site "Halmstad"]
[Date "2018.05.10"]
[Round "3"]
[White "Silseth, Simon"]
[Black "Frisk, Hans"]
[Result "1-0"]
[ECO "C24"]
[WhiteElo "2239"]
[BlackElo "2002"]
[Annotator "NA"]
[PlyCount "57"]
[EventDate "2018.??.??"]
[EventType "swiss"]
[EventCountry "SWE"]
[SourceTitle "playchess.com"]
[Source "ChessBase"]
[SourceQuality "1"]
[TimeControl "1800+12"]

1. e4 e5 2. Bc4 Nf6 3. d3 c6 4. Nf3 d5 5. Bb3 Bd6 6. Nc3 Be6 7. O-O {[%emt 0:00:53] C24: Bishop's Opening: 2...Nf6} (7. exd5 cxd5 8. Bg5 Bb4 9. O-O Bxc3 10. bxc3 Nc6 11. Re1 Qd6 12. Nxe5 Nxe5 13. Bf4 Nfd7 14. d4 O-O 15. dxe5 {1-0 (50) Hou,Y (2673)-Kosteniuk,A (2541) Beijing 2014}) 7... O-O 8. exd5 cxd5 9. Bg5 d4 $146 ({Predecessor:} 9... Bc7 10. Nb5 Nc6 11. Nxc7 Qxc7 12. Bxf6 gxf6 13. d4 e4 14. Nh4 {½-½ (24) Fenwick,J (2455)-Hofer,R (2378) ICCF email 2015}) 10. Ne4 Bxb3 11. Bxf6 gxf6 12. axb3 f5 13. Ng3 Qf6 14. Nd2 Nc6 15. Qh5 Ne7 16. c3 dxc3 17. bxc3 Qg6 18. Qf3 Kh8 19. Qxb7 e4 20. Ra6 ({Resist} 20. Rxa7 $6 Rab8 $16) 20... Rfb8 21. Qd7 Rd8 22. Qb5 $18 exd3 23. Re1 Qg5 24. Rxd6 Rxd6 25. Qe5+ Kg8 26. Qxd6 Qxd2 27. Qxe7 Qxc3 28. Nxf5 d2 29. Qe8+ 1-0

[Event "15th Deltalift Open 2018"]
[Site "Halmstad"]
[Date "2018.05.10"]
[Round "3"]
[White "Wahlstrom, Lennart"]
[Black "Linusson, Lasse"]
[Result "0-1"]
[ECO "C40"]
[WhiteElo "2200"]
[BlackElo "1962"]
[Annotator "NA"]
[PlyCount "88"]
[EventDate "2018.??.??"]
[EventType "swiss"]
[EventCountry "SWE"]
[SourceTitle "playchess.com"]
[Source "ChessBase"]
[SourceQuality "1"]
[TimeControl "1800+12"]

1. e4 e5 2. Nf3 d5 3. d4 dxe4 4. Nxe5 Nd7 {[%emt 0:00:10] C40: Latvian and Elephant Gambits} (4... Bd6 5. Nc4 Nf6 6. Nxd6+ Qxd6 7. Be2 O-O 8. O-O Nc6 9. Be3 Nd5 10. Nd2 f5 11. c4 Nxe3 12. fxe3 Qh6 13. Rf4 Nxd4 {0-1 (32) Kabanov,N (2472)-Skatchkov,P (2486) Khanty-Mansiysk 2013}) 5. Nxd7 Bxd7 6. Nc3 Nf6 7. Bg5 Bb4 8. Bc4 $146 ({Predecessor:} 8. a3 Bxc3+ 9. bxc3 a6 {½-½ (9) Rahal,I (1800)-Perondi,R (1785) Porto Alegre 2015}) 8... O-O 9. O-O Bxc3 10. bxc3 h6 11. Bh4 Re8 12. Re1 Bf5 13. Rb1 Rb8 14. Rb5 Bg6 15. Qb1 b6 16. Rd5 Qe7 17. Re3 Rbd8 18. Re5 Qd6 19. Rxe8+ Rxe8 20. Bxf6 gxf6 21. Rg3 Kh7 22. Qc1 f5 23. Rh3 f4 24. Be2 Bf5 25. Rh4 e3 26. fxe3 Rxe3 $17 ({Reject} 26... fxe3 27. c4 $11) 27. Qf1 Bxc2 28. Rxf4 f5 29. Bh5 Qe6 30. d5 Qe5 31. Qb5 Re1+ 32. Rf1 Qe3+ 33. Kh1 Ba4 34. Qc4 Qxc3 35. Qf4 Bc2 36. h3 Rxf1+ 37. Qxf1 Qe5 38. Qc4 Be4 39. d6 cxd6 40. Qc7+ Qg7 41. Bg6+ Kxg6 42. Qxd6+ Kh7 43. Qd2 Bxg2+ 44. Kh2 Be4 0-1

[Event "15th Deltalift Open 2018"]
[Site "Halmstad"]
[Date "2018.05.10"]
[Round "3"]
[White "Blomstrom, Lars"]
[Black "Johansson, Mikael"]
[Result "1/2-1/2"]
[ECO "C02"]
[WhiteElo "2163"]
[BlackElo "2284"]
[Annotator "ChessBase"]
[PlyCount "66"]
[EventDate "2018.??.??"]
[EventType "swiss"]
[EventCountry "SWE"]
[SourceTitle "playchess.com"]
[Source "ChessBase"]
[SourceQuality "1"]
[TimeControl "1800+12"]

1. e4 e6 2. d4 d5 3. e5 c5 4. c3 Nc6 5. Be3 Qc7 6. Nf3 Nh6 7. Nbd2 Nf5 8. Bd3 Nxe3 9. fxe3 Be7 10. O-O O-O 11. Rc1 c4 12. Bb1 f5 13. exf6 Bxf6 14. e4 dxe4 15. Nxe4 Ne7 16. Nfg5 Nf5 17. Qe2 Qe7 18. Nxh7 Kxh7 19. g4 Bg5 20. Rce1 Bd7 21. Qxc4 Rae8 22. Ng3 g6 23. gxf5 gxf5 24. Nxf5 exf5 25. Rxe7+ Rxe7 26. d5 Kh8 27. Qd3 Rg7 28. Kh1 f4 29. Qd4 Kg8 30. Be4 Bh3 31. Rg1 Bf6 32. Rxg7+ Bxg7 33. Qf2 f3 1/2-1/2

[Event "15th Deltalift Open 2018"]
[Site "Halmstad"]
[Date "2018.05.10"]
[Round "3"]
[White "Cramling Bellon, Anna"]
[Black "Karlsson, Ulf"]
[Result "1/2-1/2"]
[ECO "A52"]
[WhiteElo "2153"]
[BlackElo "1959"]
[Annotator "NA"]
[PlyCount "79"]
[EventDate "2018.??.??"]
[EventType "swiss"]
[EventCountry "SWE"]
[SourceTitle "playchess.com"]
[Source "ChessBase"]
[SourceQuality "1"]
[TimeControl "1800+12"]

1. d4 Nf6 2. c4 e5 3. dxe5 Ng4 4. Bf4 Nc6 5. Nf3 Bb4+ 6. Nbd2 Qe7 7. e3 Ngxe5 8. Nxe5 Nxe5 9. Be2 a5 10. O-O d6 11. Nb3 a4 12. a3 Bc3 13. bxc3 axb3 14. Qxb3 b6 15. Bxe5 Qxe5 16. Bf3 Ra5 17. Rfd1 Be6 18. Rd4 O-O 19. Bd5 Qg5 20. Bxe6 fxe6 21. c5 Qxc5 22. Qxe6+ Kh8 23. Rc4 Rxa3 24. Rf1 Qf5 25. Qxf5 Rxf5 26. Rxc7 Rc5 27. Rd7 Kg8 28. Rxd6 b5 29. Rb1 Raxc3 30. Kf1 Rc2 31. e4 Ra2 32. Rd8+ Kf7 33. Rd5 Rcc2 34. Rf5+ Ke6 35. Ke1 b4 36. Kd1 Rd2+ 37. Ke1 Rdc2 38. Kd1 Rd2+ 39. Ke1 Rdc2 40. Kd1 1/2-1/2

[Event "15th Deltalift Open 2018"]
[Site "Halmstad"]
[Date "2018.05.10"]
[Round "3"]
[White "Wallin, Dennis"]
[Black "Pantzar, Milton"]
[Result "0-1"]
[ECO "A01"]
[WhiteElo "2136"]
[BlackElo "2333"]
[Annotator "ChessBase"]
[PlyCount "110"]
[EventDate "2018.??.??"]
[EventType "swiss"]
[EventCountry "SWE"]
[SourceTitle "playchess.com"]
[Source "ChessBase"]
[SourceQuality "1"]
[TimeControl "1800+12"]

1. b3 e5 2. Bb2 Nc6 3. e3 d5 4. Bb5 Nge7 5. Bxe5 a6 6. Bxc6+ Nxc6 7. Bg3 h5 8. h3 h4 9. Bf4 Bf5 10. d3 Qf6 11. c3 Nb4 12. Nf3 Nxd3+ 13. Kf1 Nxf4 14. exf4 O-O-O 15. Qd4 Bd6 16. Qxf6 gxf6 17. g3 hxg3 18. fxg3 Rxh3 19. Rxh3 Bxh3+ 20. Kf2 Rh8 21. b4 Bg4 22. Nbd2 b6 23. a3 c6 24. Kg2 Kd7 25. Re1 a5 26. Nb3 axb4 27. axb4 Ra8 28. Ra1 Rxa1 29. Nxa1 c5 30. bxc5 bxc5 31. Nb3 Kc6 32. Nfd2 Bc7 33. Kf2 Bb6 34. c4 Bc7 35. Ke3 dxc4 36. Nxc4 Kd5 37. Nbd2 Bh3 38. Kf3 Bc8 39. g4 Ba6 40. Ne3+ Ke6 41. Nb3 Bb6 42. Ke4 Bb7+ 43. Kd3 Ba6+ 44. Ke4 Kd6 45. Kf5 c4 46. Nxc4+ Bxc4 47. Nd2 Bd5 48. Kxf6 Be3 49. Nb1 Bxf4 50. Na3 Be5+ 51. Kf5 Be6+ 52. Kg5 Kc5 53. Nc2 Bc3 54. Kh5 Bd2 55. g5 Bb3 0-1

[Event "15th Deltalift Open 2018"]
[Site "Halmstad"]
[Date "2018.05.10"]
[Round "3"]
[White "Svorono, Gabriel"]
[Black "Lokander, Martin"]
[Result "1/2-1/2"]
[ECO "C75"]
[WhiteElo "2113"]
[BlackElo "2386"]
[Annotator "NA"]
[PlyCount "101"]
[EventDate "2018.??.??"]
[EventType "swiss"]
[EventCountry "SWE"]
[SourceTitle "playchess.com"]
[Source "ChessBase"]
[SourceQuality "1"]
[TimeControl "1800+12"]

1. e4 e5 2. Nf3 Nc6 3. Bb5 a6 4. Ba4 d6 5. c3 Bd7 6. O-O g6 7. d4 Bg7 8. Re1 Nf6 9. dxe5 {[%emt 0:00:43] C79: Ruy Lopez: Steinitz-type lines with 3...a6 4 Ba4 Nf6 5 0-0 d6} (9. Bxc6 Bxc6 10. dxe5 Nxe4 11. exd6 O-O 12. dxc7 Qxc7 13. Be3 Rad8 14. Nd4 Be5 15. h3 Bh2+ 16. Kh1 Bf4 {½-½ (60) Kasimdzhanov,R (2683)-Mamedyarov,S (2799) Riadh 2017}) 9... dxe5 10. Nbd2 O-O 11. Bxc6 Bxc6 12. Nxe5 Bxe4 13. Nxe4 {[%emt 0:00:10] [#]} Nxe4 $146 ({Predecessor:} 13... Qxd1 14. Nxf6+ Bxf6 15. Rxd1 Bxe5 16. Be3 Rad8 {½-½ (43) Gao,R (2533)-Sandipan,C (2574) Cappelle-la-Grande 2015}) 14. Nf3 Qxd1 15. Rxd1 Rad8 16. Be3 Rfe8 17. Kf1 f5 18. Bf4 c5 19. Bc7 Rc8 20. Bf4 Rcd8 21. Bc7 Rc8 22. Bf4 Red8 23. Ng5 Re8 24. Rd7 h6 25. Nxe4 Rxe4 26. Bd2 Rb8 27. Re1 Rxe1+ 28. Kxe1 Bf8 29. Bf4 Re8+ 30. Kd2 b5 31. Bd6 Re6 32. Bxf8 Kxf8 33. b3 Ke8 34. Rd5 Rc6 35. c4 b4 36. Ke3 Ke7 37. h4 Kf6 38. f4 Ke6 39. Re5+ Kf6 $11 40. Rd5 g5 41. hxg5+ hxg5 42. g4 gxf4+ 43. Kxf4 fxg4 44. Kxg4 Kg6 45. Kf4 Kf6 46. Rh5 Ke6 47. Rh6+ Kd7 48. Rxc6 Kxc6 49. Ke5 Kb6 50. Kd6 Ka5 51. Kc7 1/2-1/2

[Event "15th Deltalift Open 2018"]
[Site "Halmstad"]
[Date "2018.05.10"]
[Round "3"]
[White "Johnson, Daniel"]
[Black "Haugli, Petter"]
[Result "0-1"]
[ECO "E81"]
[WhiteElo "2028"]
[BlackElo "2245"]
[Annotator "ChessBase"]
[PlyCount "74"]
[EventDate "2018.??.??"]
[EventType "swiss"]
[EventCountry "SWE"]
[SourceTitle "playchess.com"]
[Source "ChessBase"]
[SourceQuality "1"]
[TimeControl "1800+12"]

1. d4 Nf6 2. c4 g6 3. Nc3 Bg7 4. e4 d6 5. f3 O-O 6. Nge2 c5 7. d5 a6 8. Ng3 Nbd7 9. Be2 b5 10. cxb5 axb5 11. Bxb5 Ba6 12. Bxa6 Rxa6 13. Qe2 Qb6 14. Nf1 Rb8 15. Ne3 Ne8 16. O-O Nc7 17. a4 Raa8 18. f4 Qa5 19. e5 dxe5 20. f5 Nf6 21. fxg6 hxg6 22. d6 exd6 23. Rxf6 Bxf6 24. Ned5 Nxd5 25. Nxd5 Qd8 26. Qf2 Bg7 27. h4 Rb4 28. Bg5 f6 29. Bxf6 Bxf6 30. Nxf6+ Kg7 31. Nd5 Rd4 32. Rf1 Ra7 33. Ne3 Rf4 34. Qg3 Rxf1+ 35. Kxf1 Qf6+ 36. Kg1 Rxa4 37. Nc2 Qf4 0-1

[Event "15th Deltalift Open 2018"]
[Site "Halmstad"]
[Date "2018.05.10"]
[Round "3"]
[White "Hakansson, Stefan"]
[Black "Nilsson, Anders"]
[Result "0-1"]
[ECO "A41"]
[WhiteElo "2010"]
[BlackElo "2226"]
[Annotator "NA"]
[PlyCount "148"]
[EventDate "2018.??.??"]
[EventType "swiss"]
[EventCountry "SWE"]
[SourceTitle "playchess.com"]
[Source "ChessBase"]
[SourceQuality "1"]
[TimeControl "1800+12"]

1. d4 d6 2. Bg5 Nd7 {[%emt 0:00:45] A41: 1 d4 d6: Tartakower System and Modern Defence} (2... Nf6 3. Bxf6 exf6 4. g3 d5 5. Bg2 c6 6. e3 Bd6 7. Nd2 O-O 8. Ne2 Re8 9. O-O Nd7 10. c4 dxc4 11. Nxc4 Bf8 12. Qc2 {1-0 (40) Vitiugov,N (2726)-Plat,V (2532) Tallinn 2016}) 3. e3 Ngf6 4. Nd2 g6 5. Ngf3 h6 6. Bh4 g5 7. Bg3 Nh5 8. Bc4 $146 ({Predecessor:} 8. c3 c6 9. Bd3 Ndf6 10. e4 Be6 11. e5 Nd5 12. Qc2 {0-1 (23) Pates,C (1779)-Poletaev,V (2159) ICCF email 2013}) 8... Nxg3 9. hxg3 Bg7 10. c3 e6 11. Qb3 Qe7 12. Ng1 e5 13. Ne2 e4 14. Qc2 Nf6 15. Bb3 c6 16. Nf1 Bg4 17. O-O-O a5 18. Re1 Bf5 19. Qd2 a4 20. Bc2 a3 21. b3 d5 22. f4 b6 ({Black should play} 22... g4 $19 23. c4 b5) 23. Nh2 Qe6 24. Ref1 {[%emt 0:00:51] [#]} g4 $1 25. Kd1 h5 26. Ke1 Bf8 27. Kf2 Bd6 28. Rc1 Kf8 29. Bb1 Kg7 30. c4 Qe7 31. Nc3 h4 32. Nf1 h3 33. gxh3 Rxh3 34. Rxh3 gxh3 35. Nh2 Bb4 36. Qe2 Qe6 37. cxd5 cxd5 38. Nb5 Rc8 39. Rxc8 Qxc8 40. Qc2 Qxc2+ 41. Bxc2 Ng4+ 42. Nxg4 Bxg4 43. Nc7 Bf3 44. Kg1 Be1 45. Kh2 Bg2 46. Nxd5 Kg6 (46... Bd2 $14) 47. Nxb6 Kf5 48. Bd1 $2 (48. Nd5 $14 {keeps the upper hand.}) 48... Bf3 49. Bxf3 exf3 50. Kxh3 Ke4 51. Nc4 Kd3 52. Ne5+ Ke2 53. Nxf3 $2 (53. Ng4 $11) 53... Kxf3 54. Kh4 Kxe3 (54... Bxg3+ $142 55. Kh3 Bf2) 55. d5 Ke4 $2 (55... Kd3 $19 {is more deadly.} 56. Kh3 (56. d6 Kc2 $19) 56... Kc3) 56. d6 Bb4 ({Black should play} 56... Kf5 $17 57. d7 Ba5) 57. d7 Be7+ 58. Kg4 Kd5 59. Kf5 Kd6 60. g4 Kxd7 61. g5 Ke8 62. Kg4 Kd7 63. Kf5 Ke8 64. Kg4 Bb4 65. Kf5 Kf8 66. Kg4 Bc3 (66... Bd2 $142 67. f5 Ke7) 67. f5 Ke7 68. Kh5 Bd2 69. Kg4 Kd6 70. Kh5 (70. g6 $17 {only move.} fxg6 71. fxg6) 70... Ke5 (70... Bb4 $5) 71. Kg4 Bc1 72. g6 fxg6 73. fxg6 Kf6 74. Kh5 $2 (74. Kf3 $17) 74... Bd2 $11 0-1

[Event "15th Deltalift Open 2018"]
[Site "Halmstad"]
[Date "2018.05.10"]
[Round "3"]
[White "Magelius, Olof"]
[Black "Lindhe, Magnus"]
[Result "0-1"]
[ECO "B06"]
[WhiteElo "1984"]
[BlackElo "2170"]
[Annotator "NA"]
[PlyCount "62"]
[EventDate "2018.??.??"]
[EventType "swiss"]
[EventCountry "SWE"]
[SourceTitle "playchess.com"]
[Source "ChessBase"]
[SourceQuality "1"]
[TimeControl "1800+12"]

1. e4 g6 2. d4 Bg7 3. Nc3 c6 4. Be3 d5 5. f3 dxe4 6. Bc4 Nf6 7. fxe4 b5 8. Bb3 b4 9. Nce2 Nxe4 10. Nf3 O-O 11. O-O a5 12. Ne5 $17 Nd6 13. a4 Ba6 14. Rf3 c5 15. Bd5 cxd4 16. Bxd4 Nf5 17. Rxf5 Bxe2 18. Qxe2 Qxd5 19. Rf4 f6 20. Raf1 fxe5 21. Rxf8+ Bxf8 22. Bxe5 Nc6 23. Bg3 e5 24. Bh4 Bc5+ 25. Kh1 Rf8 26. Rd1 Nd4 27. Qg4 Nxc2 28. h3 Bd4 29. Be7 Ne3 30. Qg5 Nxd1 31. Bxf8 Nf2+ 0-1

[Event "15th Deltalift Open 2018"]
[Site "Halmstad"]
[Date "2018.05.10"]
[Round "3"]
[White "Nilsson, Eskil"]
[Black "Nilsson, Patrik"]
[Result "1/2-1/2"]
[ECO "C09"]
[WhiteElo "1962"]
[BlackElo "2195"]
[Annotator "NA"]
[PlyCount "35"]
[EventDate "2018.??.??"]
[EventType "swiss"]
[EventCountry "SWE"]
[SourceTitle "playchess.com"]
[Source "ChessBase"]
[SourceQuality "1"]
[TimeControl "1800+12"]

1. e4 e6 2. d4 d5 3. Nd2 c5 4. Ngf3 Nc6 5. exd5 exd5 6. Bb5 Bd6 7. O-O cxd4 8. Nb3 Nge7 9. Nbxd4 O-O 10. h3 Bc7 11. c3 Qd6 12. Be3 Nf5 13. Nxf5 Bxf5 14. Bd3 Ne5 15. Bf4 Nxf3+ 16. Qxf3 Qxf4 17. Qxf4 Bxf4 18. Bxf5 1/2-1/2

[Event "15th Deltalift Open 2018"]
[Site "Halmstad"]
[Date "2018.05.10"]
[Round "3"]
[White "Bit-Narva, David"]
[Black "Ivarsson, Torbjorn"]
[Result "1-0"]
[ECO "C00"]
[WhiteElo "1961"]
[BlackElo "2153"]
[Annotator "NA"]
[PlyCount "59"]
[EventDate "2018.??.??"]
[EventType "swiss"]
[EventCountry "SWE"]
[SourceTitle "playchess.com"]
[Source "ChessBase"]
[SourceQuality "1"]
[TimeControl "1800+12"]

1. e4 e6 2. Nf3 d5 3. e5 c5 4. c3 Nc6 5. Na3 f6 6. d4 Bd7 7. Nc2 Qc7 8. Bf4 Nge7 9. Bg3 Nf5 10. exf6 Nxg3 11. fxg7 Bxg7 12. hxg3 cxd4 13. cxd4 O-O-O 14. Qd2 e5 15. dxe5 Nxe5 16. O-O-O Kb8 17. Nxe5 Bxe5 18. Kb1 Bf5 19. Bd3 Qb6 20. Ne1 Bg4 21. f3 Bd7 22. f4 Bf6 23. Nf3 Bg4 24. Rde1 Bxf3 25. gxf3 h6 26. Bf5 Rhe8 27. g4 Bg7 28. Qc2 Re3 29. Rxe3 Qxe3 30. Rc1 1-0